AoeStats
← yt536390

Arabian Desert

509894173Analyzed
1v1 RM · 4d ago on Sep 28, 2026· 23m 43s· 2 players
Game mode
Random Map
Map size
Tiny (2 player)
Population
200
Speed
Normal
Resources
Standard
Victory
Conquest
Starting age
Dark Age
Ending age
Imperial Age
RankedLock teamsTeams togetherTeam positionsShared explorationLock speedFull tech treeHidden civsTurbo modeCheats
Victory
Defeat
🇨🇳 Lithuanians · China
1844
+12
🇩🇪 Burgundians · Germany
1765
-12
Dr. Hadeskill
4:38 Loom
6:42 Loom
9:17 Feudal Age
9:49 Double-Bit Axe
16:54 Scale Mail Armor
17:12 Bow Saw
18:54 Arson
21:33 Forging
yt536390
6:14 Loom
7:38 Loom
10:57 Feudal Age
11:56 Double-Bit Axe
14:04 Horse Collar
22:41 Castle Age
21:26 Gold Mining
21:47 Fletching
23:32 Bodkin Arrow
23:17 Crossbowman
Connection lost

Rejoining the realm…

Still unreachable

The connection could not be restored.

Session expired

The server has moved on; the page needs a fresh start.